Map: [ESL] Ancient Cistern

Players

ShoWTimE

  • Race: Protoss Protoss

GuMiho - Winner!

  • Race: Terran Terran

Event: IEM Katowice 2023

VOD

Have the link to the VOD?

Description

Time

  • Played on: Feb. 9, 2023, 8:17 a.m.
  • Length: 6:36

All games in this series

Show
View Real Time Build Order
Export as new Build Order

ShoWTimE Protoss 

Build Orders: 1 Gate Expand, Oracle Opening 

Get SALT Encoding   

  12  0:00  Probe  
  13  0:12  Probe  
  14  0:17  Pylon  
  14  0:24  Probe (Chrono Boost)  
  15  0:36  Probe (Chrono Boost)  
  15  0:37  Gateway  
  16  0:44  Probe (Chrono Boost)  
  16  0:45  Assimilator  
  17  0:50  Probe  
  18  1:03  Probe  
  19  1:15  Probe  
  20  1:24  Cybernetics Core  
  20  1:32  Nexus  
  20  1:33  Probe  
  21  1:40  Pylon  
  21  1:45  Probe  
  22  1:48  Assimilator  
  22  1:57  Probe, Adept (Chrono Boost)  
  25  2:09  Probe  
  26  2:17  Stargate  
  26  2:19  Adept (Chrono Boost)  
  26  2:21  Probe  
  29  2:30  Warp Gate  
  29  2:34  Probe  
  30  2:44  Adept  
  32  2:52  Pylon  
  31  3:01  Oracle (Chrono Boost)  
  33  3:12  Probe  
  28  3:22  Pylon, Probe  
  28  3:24  Probe  
  29  3:47  Void Ray (Chrono Boost)  
  34  3:48  Probe  
  34  3:52  Probe  
  35  4:00  Probe  
  36  4:12  Probe  
  38  4:18  Stalker  
  39  4:34  Probe  
  36  4:46  Probe  
  36  4:47  Nexus  
  35  4:57  Pylon  
  35  4:59  Probe  
  36  5:04  Gateway  
  36  5:11  Probe (Chrono Boost)  
  37  5:14  Robotics Facility  
  37  5:23  Sentry, Probe (Chrono Boost)  
  40  5:30  Probe (Chrono Boost)  
  41  5:37  Probe  
  41  5:38  Oracle (Chrono Boost)  
  46  5:54  Stalker  
  47  6:02  Stalker  
  49  6:05  Probe  
  49  6:10  Nexus  
  47  6:14  Probe  
  47  6:18  Probe  
  40  6:25  Stalker  
Show
View Real Time Build Order
Export as new Build Order

GuMiho Terran - Winner!

Build Orders:  

Get SALT Encoding   

  12  0:00  SCV  
  13  0:12  SCV  
  14  0:17  Supply Depot  
  14  0:24  SCV  
  15  0:38  SCV  
  15  0:39  Barracks  
  16  0:45  Refinery  
  16  0:51  SCV  
  16  0:54  Refinery  
  17  1:03  SCV  
  18  1:15  SCV  
  19  1:26  Barracks Tech Lab  
  19  1:27  Orbital Command  
  19  1:38  Factory  
  19  1:41  Supply Depot  
  19  1:49  Marauder  
  21  1:56  Concussive Shells  
  21  1:57  SCV  
  22  2:09  SCV  
  22  2:11  Marauder  
  25  2:21  SCV  
  25  2:22  Hellion  
  28  2:24  Supply Depot  
  28  2:32  Marauder  
  28  2:33  SCV  
  31  2:43  Factory Tech Lab  
  31  2:46  Bunker, SCV  
  32  2:54  Marauder  
  32  2:58  SCV  
  35  3:02  Cyclone  
  38  3:10  SCV  
  35  3:22  SCV  
  35  3:25  Mag-Field Accelerator  
  38  3:35  Command Center  
  38  3:40  Cyclone  
  38  3:46  SCV  
  39  3:53  Barracks  
  39  4:02  Supply Depot  
  39  4:12  Barracks  
  39  4:14  Engineering Bay  
  39  4:23  SCV  
  40  4:26  Cyclone  
  39  4:40  SCV  
  39  4:43  Barracks Reactor  
  39  4:44  Barracks Reactor  
  38  4:50  Orbital Command  
  36  4:53  SCV  
  36  4:58  Cyclone  
  39  5:02  Barracks Tech Lab  
  39  5:05  SCV  
  40  5:11  Supply Depot  
  40  5:17  SCV, Starport  
  40  5:20  Marine  
  42  5:21  Marine  
  42  5:23  Marine  
  42  5:26  Marine  
  45  5:29  SCV  
  45  5:30  SCV  
  47  5:36  Marine  
  47  5:41  SCV  
  47  5:42  SCV  
  50  5:43  Marine  
  50  5:46  Marine  
  50  5:48  Marine  
  52  5:56  Marine x2  
  54  5:59  Siege Tank  
  54  6:01  Marine  
  57  6:05  Medivac  
  57  6:08  SCV  
  57  6:09  SCV  
  59  6:21  SCV x2  

Tags
 
Add a new tag
Caveats
  • Supply blocks, unpowered buildings, or Contaminate may cause inaccurate times.
  • Supply counts are checked every 10 seconds.